TOP OF THE 1ST |
Coronado Eclipse batting - Pitching for Amity Gardens Westerners : RHP Frank Wilcox
|
Pitching: RHP Frank Wilcox
|
|
Batting: RHB Jesús Pérez
|
0-0: Foul Ball, location: 2F 0-1: Ball 1-1: Swinging Strike 1-2: Ball 2-2: Strikes out looking
|
Batting: RHB Bill Petty
|
0-0: DOUBLE (Groundball, 3L)
|
Batting: RHB Luis López
|
0-0: Ball 1-0: SINGLE (Flyball, 8RS) Bill Petty to third Runner from 3rd tries for Home, throw and OUT! Luis López to second
|
Batting: RHB Ramón Sánchez
|
0-0: Called Strike 0-1: Ball 1-1: Ground out 5-3 (Groundball, 56S)
|
Top of the 1st over - 0 run(s), 2 hit(s), 0 error(s), 1 left on base; Coronado 0 - Amity Gardens 0 |
BOTTOM OF THE 1ST |
Amity Gardens Westerners batting - Pitching for Coronado Eclipse : RHP Jorge Chávez
|
Pitching: RHP Jorge Chávez
|
|
Batting: RHB Manny Olhoa
|
0-0: Ball 1-0: Ball 2-0: Ball 3-0: Called Strike 3-1: Base on Balls
|
Batting: SHB Howard Romero
|
0-0: Ball 1-0: Ball 2-0: Called Strike 2-1: Ball Manny Olhoa steals 2nd base 3-1: Called Strike 3-2: Foul Ball, location: 2F 3-2: Base on Balls
|
Batting: RHB Josh Bergman
|
0-0: Ball 1-0: Ball 2-0: Ball 3-0: Called Strike 3-1: Grounds into double play, 6-4-3 (Groundball, 6) Manny Olhoa to third
|
Batting: SHB Chris Barrett
|
0-0: Ball 1-0: Swinging Strike 1-1: Ground out 6-3 (Groundball, 56)
|
Bottom of the 1st over - 0 run(s), 0 hit(s), 0 error(s), 1 left on base; Coronado 0 - Amity Gardens 0 |
TOP OF THE 2ND |
Coronado Eclipse batting - Pitching for Amity Gardens Westerners : RHP Frank Wilcox
|
Batting: LHB Julián Díaz
|
0-0: Ball 1-0: DOUBLE (Line Drive, 9LM)
|
Batting: RHB Júlio Núńez
|
0-0: Ball 1-0: Swinging Strike 1-1: Ball 2-1: Called Strike 2-2: Strikes out swinging
|
Batting: RHB Danny Scott
|
0-0: Ball 1-0: Swinging Strike 1-1: Fly out, F8 (Line Drive, 8LM)
|
Batting: RHB Phil Martin
|
0-0: SINGLE (Flyball, 78S) Julián Díaz to third Runner from 3rd tries for Home, SAFE, no throw
|
Batting: RHB Dennis Curran
|
0-0: Ball 1-0: Foul Ball, location: 2F 1-1: Ball 2-1: Ball 3-1: Foul Ball, location: 2F 3-2: Foul Ball, location: 2F 3-2: Foul Ball, location: 2F 3-2: Foul Ball, location: 2F 3-2: Base on Balls Phil Martin to second
|
Batting: RHB Jesús Pérez
|
0-0: Ball 1-0: 3-RUN HOME RUN (Flyball, 7D), Distance : 398 ft
|
Batting: RHB Bill Petty
|
0-0: Foul Ball, location: 2F 0-1: Called Strike 0-2: Foul Ball, location: 2F 0-2: Ball 1-2: Fly out, F8 (Flyball, 8RM)
|
Top of the 2nd over - 4 run(s), 3 hit(s), 0 error(s), 0 left on base; Coronado 4 - Amity Gardens 0 |
BOTTOM OF THE 2ND |
Amity Gardens Westerners batting - Pitching for Coronado Eclipse : RHP Jorge Chávez
|
Batting: LHB Jack Mitchell
|
0-0: Called Strike 0-1: Ball 1-1: Foul Ball, location: 2F 1-2: Ground out 6-3 (Groundball, 6M)
|
Batting: RHB Jonathon García
|
0-0: Ball 1-0: SINGLE (Line Drive, 34)
|
Batting: RHB Ánibal Vega
|
0-0: Ball 1-0: Ball 2-0: Grounds into double play, 4-6-3 (Groundball, 4)
|
Bottom of the 2nd over - 0 run(s), 1 hit(s), 0 error(s), 0 left on base; Coronado 4 - Amity Gardens 0 |
TOP OF THE 3RD |
Coronado Eclipse batting - Pitching for Amity Gardens Westerners : RHP Frank Wilcox
|
Batting: RHB Luis López
|
0-0: Ball 1-0: Ball 2-0: Ball 3-0: Base on Balls
|
Batting: RHB Ramón Sánchez
|
0-0: Fielders Choice at 2nd, 5-4 (Groundball, 56)
|
Batting: LHB Julián Díaz
|
0-0: Ball 1-0: Foul Ball, location: 2F 1-1: Fly out, F4 (Popup, 4S)
|
Batting: RHB Júlio Núńez
|
0-0: Ball 1-0: Foul Ball, location: 2F 1-1: Ball Ramón Sánchez is caught stealing 2nd base
|
Top of the 3rd over - 0 run(s), 0 hit(s), 0 error(s), 0 left on base; Coronado 4 - Amity Gardens 0 |
BOTTOM OF THE 3RD |
Amity Gardens Westerners batting - Pitching for Coronado Eclipse : RHP Jorge Chávez
|
Batting: RHB Gustavo Todd
|
0-0: Ball 1-0: Called Strike 1-1: Called Strike 1-2: Ball 2-2: Fly out, F9 (Flyball, 9S)
|
Batting: RHB Tomás Rivera
|
0-0: Ball 1-0: Ground out 1-3 (Groundball, 13S)
|
Batting: RHB Manny Olhoa
|
0-0: Called Strike 0-1: Fly out, F8 (Line Drive, 8RM)
|
Bottom of the 3rd over - 0 run(s), 0 hit(s), 0 error(s), 0 left on base; Coronado 4 - Amity Gardens 0 |
TOP OF THE 4TH |
Coronado Eclipse batting - Pitching for Amity Gardens Westerners : RHP Frank Wilcox
|
Batting: RHB Júlio Núńez
|
0-0: Hit by Pitch
|
Batting: RHB Danny Scott
|
0-0: Foul Ball, location: 2F 0-1: Foul Ball, location: 2F 0-2: Fly out, F8 (Flyball, 8LM)
|
Batting: RHB Phil Martin
|
0-0: Ball 1-0: Ball 2-0: Foul Ball, location: 2F 2-1: Foul Ball, location: 2F 2-2: Foul Ball, location: 2F 2-2: Fly out, F8 (Flyball, 89M)
|
Batting: RHB Dennis Curran
|
0-0: Called Strike 0-1: Foul Ball, location: 2F 0-2: Ball 1-2: Ground out 5-3 (Groundball, 56S)
|
Top of the 4th over - 0 run(s), 0 hit(s), 0 error(s), 1 left on base; Coronado 4 - Amity Gardens 0 |
BOTTOM OF THE 4TH |
Amity Gardens Westerners batting - Pitching for Coronado Eclipse : RHP Jorge Chávez
|
Batting: SHB Howard Romero
|
0-0: Called Strike 0-1: Ground out 4-3 (Groundball, 4M)
|
Batting: RHB Josh Bergman
|
0-0: Ball 1-0: Fly out, F5 (Popup, 5D)
|
Batting: SHB Chris Barrett
|
0-0: Called Strike 0-1: Swinging Strike 0-2: Strikes out swinging
|
Bottom of the 4th over - 0 run(s), 0 hit(s), 0 error(s), 0 left on base; Coronado 4 - Amity Gardens 0 |
TOP OF THE 5TH |
Coronado Eclipse batting - Pitching for Amity Gardens Westerners : RHP Frank Wilcox
|
Batting: RHB Jesús Pérez
|
0-0: Ball 1-0: Ball 2-0: Ball 3-0: Called Strike 3-1: Foul Ball, location: 2F 3-2: Strikes out looking
|
Batting: RHB Bill Petty
|
0-0: Foul Ball, location: 2F 0-1: Ball 1-1: Called Strike 1-2: Strikes out swinging
|
Batting: RHB Luis López
|
0-0: Called Strike 0-1: Foul Ball, location: 2F 0-2: Fly out, F8 (Line Drive, 8RM)
|
Top of the 5th over - 0 run(s), 0 hit(s), 0 error(s), 0 left on base; Coronado 4 - Amity Gardens 0 |
BOTTOM OF THE 5TH |
Amity Gardens Westerners batting - Pitching for Coronado Eclipse : RHP Jorge Chávez
|
Batting: LHB Jack Mitchell
|
0-0: Ball 1-0: Called Strike 1-1: Swinging Strike 1-2: Strikes out swinging
|
Batting: RHB Jonathon García
|
0-0: Ball 1-0: Called Strike 1-1: Ground out 6-3 (Groundball, 6)
|
Batting: RHB Ánibal Vega
|
0-0: Foul Ball, location: 2F 0-1: Swinging Strike 0-2: Fly out, F8 (Flyball, 78XD)
|
Bottom of the 5th over - 0 run(s), 0 hit(s), 0 error(s), 0 left on base; Coronado 4 - Amity Gardens 0 |
TOP OF THE 6TH |
Coronado Eclipse batting - Pitching for Amity Gardens Westerners : RHP Frank Wilcox
|
Batting: RHB Ramón Sánchez
|
0-0: Ground out 5-3 (Groundball, 56)
|
Batting: LHB Julián Díaz
|
0-0: Ball 1-0: Called Strike 1-1: Ground out 6-3 (Groundball, 56)
|
Batting: RHB Júlio Núńez
|
0-0: Ball 1-0: Foul Ball, location: 2F 1-1: Ball 2-1: Swinging Strike 2-2: Foul Ball, location: 2F 2-2: Strikes out swinging
|
Top of the 6th over - 0 run(s), 0 hit(s), 0 error(s), 0 left on base; Coronado 4 - Amity Gardens 0 |
BOTTOM OF THE 6TH |
Amity Gardens Westerners batting - Pitching for Coronado Eclipse : RHP Jorge Chávez
|
Batting: RHB Gustavo Todd
|
0-0: Ball 1-0: Ball 2-0: Ball 3-0: Called Strike 3-1: Called Strike 3-2: Strikes out swinging
|
Batting: RHB Tomás Rivera
|
0-0: Ground out 6-3 (Groundball, 6)
|
Batting: RHB Manny Olhoa
|
0-0: Ball 1-0: Ball 2-0: Ball 3-0: Called Strike 3-1: Ground out U3 (Groundball, 3S)
|
Bottom of the 6th over - 0 run(s), 0 hit(s), 0 error(s), 0 left on base; Coronado 4 - Amity Gardens 0 |
TOP OF THE 7TH |
Coronado Eclipse batting - Pitching for Amity Gardens Westerners : RHP Frank Wilcox
|
Pitching: RHP Raúl Letona
|
|
Batting: RHB Danny Scott
|
0-0: Ball 1-0: Foul Ball, location: 2F 1-1: Called Strike 1-2: Foul Ball, location: 2F 1-2: SINGLE (Line Drive, 78M)
|
Batting: RHB Phil Martin
|
0-0: Called Strike 0-1: Ball 1-1: Sac Bunt - play at first, batter OUT! 1-4 Danny Scott to second
|
Batting: RHB Dennis Curran
|
0-0: Ball 1-0: Ball 2-0: Ball 3-0: Called Strike 3-1: Fly out, F9 (Flyball, 9)
|
Batting: RHB Jesús Pérez
|
0-0: Intentional Walk
|
Batting: RHB Bill Petty
|
0-0: Ball 1-0: Foul Ball, location: 2F 1-1: Reached on error, E5 (Groundball, 5L) Danny Scott to third Jesús Pérez to second
|
Batting: RHB Luis López
|
0-0: Swinging Strike 0-1: Ball 1-1: Called Strike 1-2: Strikes out swinging
|
Top of the 7th over - 0 run(s), 1 hit(s), 1 error(s), 3 left on base; Coronado 4 - Amity Gardens 0 |
BOTTOM OF THE 7TH |
Amity Gardens Westerners batting - Pitching for Coronado Eclipse : RHP Jorge Chávez
|
Batting: SHB Howard Romero
|
0-0: Fly out, F3 (Popup, 34)
|
Batting: RHB Josh Bergman
|
0-0: Ball 1-0: Ground out 6-3 (Groundball, 6)
|
Batting: SHB Chris Barrett
|
0-0: Ball 1-0: Ball 2-0: Fly out, F8 (Line Drive, 8LM)
|
Bottom of the 7th over - 0 run(s), 0 hit(s), 0 error(s), 0 left on base; Coronado 4 - Amity Gardens 0 |
TOP OF THE 8TH |
Coronado Eclipse batting - Pitching for Amity Gardens Westerners : RHP Raúl Letona
|
Batting: RHB Ramón Sánchez
|
0-0: Foul Ball, location: 2F 0-1: Swinging Strike 0-2: Ball 1-2: Ball 2-2: Ball 3-2: Strikes out swinging
|
Batting: LHB Julián Díaz
|
0-0: Swinging Strike 0-1: Swinging Strike 0-2: Ball 1-2: Ball 2-2: Strikes out swinging
|
Batting: RHB Júlio Núńez
|
0-0: Ball 1-0: Called Strike 1-1: Foul Ball, location: 2F 1-2: SINGLE (Groundball, 34D)
|
Batting: RHB Danny Scott
|
0-0: Called Strike 0-1: SINGLE (Groundball, 6MD) Júlio Núńez to second
|
Batting: RHB Phil Martin
|
0-0: Ball 1-0: Foul Ball, location: 2F 1-1: Ball 2-1: Called Strike 2-2: Foul Ball, location: 2F 2-2: Fly out, F9 (Flyball, 9)
|
Top of the 8th over - 0 run(s), 2 hit(s), 0 error(s), 2 left on base; Coronado 4 - Amity Gardens 0 |
BOTTOM OF THE 8TH |
Amity Gardens Westerners batting - Pitching for Coronado Eclipse : RHP Jorge Chávez
|
Batting: LHB Jack Mitchell
|
0-0: Ball 1-0: Swinging Strike 1-1: Swinging Strike 1-2: Ground out 4-3 (Groundball, 4)
|
Batting: RHB Jonathon García
|
0-0: Swinging Strike 0-1: Foul Ball, location: 2F 0-2: Strikes out swinging
|
Batting: RHB Ánibal Vega
|
0-0: Ball 1-0: Ball 2-0: Reached on error, E4 (Groundball, 4)
|
Pitching: RHP Juan Oliveira
|
|
Batting: RHB Gustavo Todd
|
0-0: Ball 1-0: Foul Ball, location: 2F 1-1: Ball 2-1: Foul Ball, location: 2F 2-2: Foul Ball, location: 2F 2-2: Ground out 5-3 (Groundball, 25)
|
Bottom of the 8th over - 0 run(s), 0 hit(s), 1 error(s), 1 left on base; Coronado 4 - Amity Gardens 0 |
TOP OF THE 9TH |
Coronado Eclipse batting - Pitching for Amity Gardens Westerners : RHP Raúl Letona
|
Batting: RHB Dennis Curran
|
0-0: Called Strike 0-1: Ball 1-1: Ball 2-1: Ground out U3 (Groundball, 34S)
|
Batting: RHB Jesús Pérez
|
0-0: Called Strike 0-1: Called Strike 0-2: Strikes out swinging
|
Pitching: RHP Jeffrey Cochran
|
|
Batting: RHB Bill Petty
|
0-0: SINGLE (Flyball, 8RM)
|
Batting: RHB Luis López
|
0-0: Ball 1-0: Ground out 6-3 (Groundball, 6S)
|
Top of the 9th over - 0 run(s), 1 hit(s), 0 error(s), 1 left on base; Coronado 4 - Amity Gardens 0 |
BOTTOM OF THE 9TH |
Amity Gardens Westerners batting - Pitching for Coronado Eclipse : RHP Juan Oliveira
|
Batting: RHB Tomás Rivera
|
0-0: Ball 1-0: Called Strike 1-1: Foul Ball, location: 2F 1-2: Ball 2-2: Strikes out swinging
|
Batting: RHB Manny Olhoa
|
0-0: Ball 1-0: Reached on error, E9 (Flyball, 9S)
|
Batting: SHB Howard Romero
|
0-0: Ball 1-0: Ball 2-0: Called Strike 2-1: Ball 3-1: Swinging Strike 3-2: Foul Ball, location: 2F 3-2: Foul Ball, location: 2F 3-2: Strikes out swinging Manny Olhoa steals 2nd base Batter strikes out.
|
Batting: RHB Josh Bergman
|
0-0: Fly out, F9 (Flyball, 9)
|
Bottom of the 9th over - 0 run(s), 0 hit(s), 1 error(s), 1 left on base; Coronado 4 - Amity Gardens 0 |
|